 Dungeon Crawl Stone Soup version 0.25-a0-166-g16436c4407 (console) character file.

Game seed: 7492310007083849685, levelgen mode: deterministic

747261 Kagalorn the Halfling Catapult (level 27, 0/227 HPs)
             Began as a Halfling Hunter on Nov 21, 2019.
             Was the Champion of Okawaru.
             Slain by an Orb Guardian (25 damage)
             ... on level 5 of the Realm of Zot on Nov 23, 2019.
             The game lasted 06:15:10 (80617 turns).

Kagalorn the Halfling Catapult (Halfling Hunter)   Turns: 80617, Time: 06:15:11

Health: 0/227      AC: 47    Str: 26    XL:     27
Magic:  32/32      EV: 29    Int: 16    God:    Okawaru [******]
Gold:   3550       SH: 10    Dex: 19    Spells: 29/36 levels left

rFire    + + +     SeeInvis +   b - +8 arc blade {discharge, rElec}
rCold    + . .     Gourm    .   j - +3 buckler of Zin's Castigation {Regen+}
rNeg     . . .     Faith    .   v - +8 gold dragon scales
rPois    +         Spirit   .   u - +3 helmet "Qabrif" {+Blink +Inv Int+5 Slay-3}
rElec    +         Reflect  .   I - +2 cloak {+Inv}
rCorr    .         Harm     .   T - +1 pair of gloves of an ice cave {Slay+6 SInv}
MR       +++++                  W - +1 pair of boots of Goma Donn {rF+ MR+}
Stlth    ..........             H - amulet of the Raven {MR++ Regen+ Str+4 Int-2}
HPRegen  1.27/turn              i - ring of Uskayaw's Hope {rC+ EV+2}
MPRegen  0.23/turn              t - ring of Okawaru's Fury {rF+ rC- MR+ Int+4 Dex+2}

@: slowed, very slow
A: small, clumsy 1, low mp 1, mutation resistance 1, robust 1, no potion heal 1
}: 5/15 runes: decaying, serpentine, slimy, silver, abyssal
a: Heroism, Finesse, Renounce Religion, Evoke Blink, Evoke Invisibility


You were on level 5 of the Realm of Zot.
You worshipped Okawaru.
Okawaru was exalted by your worship.
You were near starving.

You visited 11 branches of the dungeon, and saw 55 of its levels.
You visited the Abyss 1 time.
You also visited: Bailey, Gauntlet, Ice Cave and Volcano.

You collected 9631 gold pieces.
You spent 6081 gold pieces at shops.

Inventory:

Hand Weapons
 a - a +7 fustibalus of flaming
 b - the +8 arc blade (weapon) {discharge, rElec}
   (You bought it in a shop on level 2 of the Orcish Mines)

   It insulates you from electricity.
 p - the +10 scimitar "Conservator" {speed, Str+4 Int+5}
   (You found it on level 5 of the Pits of Slime)

   Attacks with this weapon are significantly faster.
   It affects your strength (+4).
   It affects your intelligence (+5).
Missiles
 d - 844 sling bullets
 C - 795 stones (quivered)
 J - 8 throwing nets
Armour
 j - the +3 buckler of Zin's Castigation (worn) {Regen+}
   (You found it on level 2 of the Swamp)

   It increases your rate of regeneration.
 u - the +3 helmet "Qabrif" (worn) {+Blink +Inv Int+5 Slay-3}
   (You acquired it on level 4 of the Snake Pit)

   It affects your intelligence (+5).
   It affects your accuracy and damage with ranged weapons and melee attacks
   (-3).
   It lets you turn invisible.
   It lets you blink.
 v - +8 gold dragon scales (worn)
 I - a +2 cloak of invisibility (worn)
 T - the +1 pair of gloves of an ice cave (worn) {Slay+6 SInv}
   (You bought it in a shop on level 1 of the Orcish Mines)

   It affects your accuracy and damage with ranged weapons and melee attacks
   (+6).
   It lets you see invisible.
 W - the +1 pair of boots of Goma Donn (worn) {rF+ MR+}
   (Okawaru gifted it to you on level 1 of the Snake Pit)

   It protects you from fire.
   It affects your resistance to hostile enchantments.
Jewellery
 i - the ring of Uskayaw's Hope (left hand) {rC+ EV+2}
   (You took it off a spriggan berserker on level 3 of the Depths)

   [ring of evasion]

   It affects your evasion (+2).
   It protects you from cold.
 m - the ring of Caiwkelakh {rPois rC+ Stlth+}
   (You took it off a spriggan defender on level 3 of the Depths)

   [ring of stealth]

   It protects you from cold.
   It protects you from poison.
   It makes you more stealthy.
 t - a ring of Okawaru's Fury (right hand) {rF+ rC- MR+ Int+4 Dex+2}
   (You found it on level 3 of the Depths)

   [ring of protection from fire]

   It affects your intelligence (+4).
   It affects your dexterity (+2).
   It protects you from fire.
   It makes you vulnerable to cold.
   It affects your resistance to hostile enchantments.
 y - the ring of Atitis {-Tele rElec AC-2 Str+3 Slay+2}
   (You found it on level 4 of the Depths)

   [ring of protection]

   It affects your AC (-2).
   It affects your strength (+3).
   It affects your accuracy and damage with ranged weapons and melee attacks
   (+2).
   It insulates you from electricity.
   It prevents most forms of teleportation.
 A - the ring of Aguig {+Inv MR+ EV+2 Str+4 Dex-2}
   (You acquired it on level 1 of the Realm of Zot)

   [ring of evasion]

   It affects your evasion (+2).
   It affects your strength (+4).
   It affects your dexterity (-2).
   It affects your resistance to hostile enchantments.
   It lets you turn invisible.
 H - the amulet of the Raven (around neck) {MR++ Regen+ Str+4 Int-2}
   (You bought it in a shop on level 2 of the Orcish Mines)

   [amulet of regeneration]

   It affects your strength (+4).
   It affects your intelligence (-2).
   It affects your resistance to hostile enchantments.
   It increases your rate of regeneration.
 L - an uncursed ring of resist corrosion
 X - a +3 ring of slaying
Wands
 r - a wand of paralysis (52)
 D - a wand of iceblast (31)
 O - a wand of scattershot (3)
 Q - a wand of acid (77)
 R - a wand of digging (31)
Scrolls
 k - 6 scrolls of blinking
 l - 7 scrolls of identify
 s - 13 scrolls of fog
 w - 7 scrolls of silence
 x - 21 scrolls of remove curse
 z - 4 scrolls of holy word
 E - 40 scrolls of teleportation
 F - 16 scrolls of fear
 M - 7 scrolls of magic mapping
 N - 2 scrolls of enchant weapon
 Z - 3 scrolls of summoning
Potions
 c - 22 potions of curing
 e - 12 potions of flight
 g - 14 potions of might
 h - 11 potions of berserk rage
 n - 13 potions of heal wounds
 o - 13 potions of brilliance
 q - 8 potions of agility
 B - 8 potions of haste
 G - 6 potions of lignification
 K - 7 potions of mutation
 P - 4 potions of invisibility
 S - 7 potions of magic
 U - 2 potions of resistance
 Y - 6 potions of cancellation
Miscellaneous
 V - 4 boxes of beasts
Comestibles
 f - 77 rations


   Skills:
 - Level 22.0 Fighting
 - Level 9.6(14.0) Short Blades
 - Level 14.0(14.7) Long Blades
 O Level 27 Slings
 - Level 22.0 Armour
 O Level 27 Dodging
 - Level 5.0 Stealth
 - Level 6.0 Shields
 - Level 5.0 Spellcasting
 - Level 8.0 Charms
 - Level 8.0 Translocations
 - Level 8.0 Air Magic
 - Level 8.0 Invocations
 + Level 18.2 Evocations


You had 29 spell levels left.
You knew the following spells:

 Your Spells              Type           Power        Failure   Level  Hunger
a - Apportation           Tloc           ####..       6%          1    None
b - Shroud of Golubria    Chrm/Tloc      ####..       10%         2    #......
c - Blink                 Tloc           N/A          10%         2    #......
d - Swiftness             Chrm/Air       ####....     10%         2    #......

Your spell library contained the following spells:

 Spells                   Type           Power        Failure   Level  Hunger
 Gell's Gravitas          Tloc           ####......   19%         3    ###....
 Lesser Beckoning         Tloc           ####......   19%         3    ###....
 Teleport Other           Tloc           ####....     19%         3    ###....
 Poisonous Vapours        Pois/Air       ###...       43%         2    #......
 Passage of Golubria      Tloc           N/A          52%         4    ####...
 Ozocubu's Armour         Chrm/Ice       ###.....     67%         3    ###....
 Portal Projectile        Hex/Tloc       ###...       67%         3    ###....
 Regeneration             Chrm/Necr      ###.......   67%         3    ###....
 Static Discharge         Conj/Air       ###.....     67%         3    ###....
 Animate Skeleton         Necr           N/A          86%         1    None
 Beastly Appendage        Tmut           #.....       86%         1    None
 Confusing Touch          Hex            #.....       86%         1    None
 Corona                   Hex            #......      86%         1    None
 Freeze                   Ice            #...         86%         1    None
 Magic Dart               Conj           #...         86%         1    None
 Pain                     Necr           #...         86%         1    None
 Sandblast                Erth           #.....       86%         1    None
 Sting                    Conj/Pois      #...         86%         1    None
 Summon Butterflies       Summ           #.......     86%         1    None
 Summon Small Mammal      Summ           #...         86%         1    None
 Mephitic Cloud           Conj/Pois/Air  ##......     86%         3    ###....
 Call Imp                 Summ           #.......     94%         2    #......
 Corpse Rot               Necr           N/A          94%         2    #......
 Ensorcelled Hibernation  Hex/Ice        #.....       94%         2    #......
 Passwall                 Tmut/Erth      #.......     94%         2    #......
 Searing Ray              Conj           #.....       94%         2    #......
 Slow                     Hex            #.......     94%         2    #......
 Sticks to Snakes         Tmut           #.......     94%         2    #......
 Throw Flame              Conj/Fire      #.....       94%         2    #......
 Throw Frost              Conj/Ice       #.....       94%         2    #......
 Force Lance              Conj/Tloc      ###.....     97%         4    ####...
 Summon Lightning Spire   Summ/Air       ###.....     97%         4    ####...
 Call Canine Familiar     Summ           #.......     99%         3    ###....
 Confuse                  Hex            #.......     99%         3    ###....
 Conjure Flame            Conj/Fire      #.......     99%         3    ###....
 Dazzling Spray           Conj/Hex       #.....       99%         3    ###....
 Ignite Poison            Fire/Tmut/Pois #.......     99%         3    ###....
 Inner Flame              Hex/Fire       #.......     99%         3    ###....
 Spider Form              Tmut/Pois      #.........   99%         3    ###....
 Stone Arrow              Conj/Erth      #.....       99%         3    ###....
 Tukima's Dance           Hex            #.......     99%         3    ###....
 Vampiric Draining        Necr           #.........   99%         3    ###....
 Animate Dead             Necr           N/A          100%        4    ####...
 Cause Fear               Hex            #.........   100%        4    ####...
 Fulminant Prism          Conj/Hex       #.........   100%        4    ####...
 Ice Form                 Ice/Tmut       #.......     100%        4    ####...
 Iskenderun's Mystic Bla  Conj           #.......     100%        4    ####...
 Leda's Liquefaction      Hex/Erth       #.........   100%        4    ####...
 Olgreb's Toxic Radiance  Pois           #.......     100%        4    ####...
 Petrify                  Tmut/Erth      #.......     100%        4    ####...
 Sticky Flame             Conj/Fire      #.......     100%        4    ####...
 Summon Ice Beast         Ice/Summ       #.......     100%        4    ####...
 Throw Icicle             Conj/Ice       #.......     100%        4    ####...
 Alistair's Intoxication  Tmut/Pois      #.......     100%        5    ######.
 Blade Hands              Tmut           #.........   100%        5    ######.
 Bolt of Draining         Conj/Necr      #.........   100%        5    ######.
 Bolt of Magma            Conj/Fire/Erth #.........   100%        5    ######.
 Excruciating Wounds      Chrm/Necr      ###.......   100%        5    ######.
 Irradiate                Conj/Tmut      #.........   100%        5    ######.
 Lee's Rapid Deconstruct  Erth           #.........   100%        5    ######.
 Metabolic Englaciation   Hex/Ice        #.........   100%        5    ######.
 Silence                  Hex/Air        ###.......   100%        5    ######.
 Summon Forest            Summ/Tloc      ###.......   100%        5    ######.
 Summon Mana Viper        Hex/Summ       #.......     100%        5    ######.
 Venom Bolt               Conj/Pois      #.........   100%        5    ######.
 Yara's Violent Unravell  Hex/Tmut       #.........   100%        5    ######.
 Bolt of Cold             Conj/Ice       #.........   100%        6    #######
 Darkness                 Hex            #.........   100%        6    #######
 Death Channel            Necr           #.........   100%        6    #######
 Deflect Missiles         Chrm/Air       ####......   100%        6    #######
 Dispersal                Tloc           ####......   100%        6    #######
 Freezing Cloud           Conj/Ice/Air   ##........   100%        6    #######
 Hydra Form               Tmut           #.........   100%        6    #######
 Iron Shot                Conj/Erth      #.........   100%        6    #######
 Ozocubu's Refrigeration  Ice            #.........   100%        6    #######
 Simulacrum               Ice/Necr       #.........   100%        6    #######
 Statue Form              Tmut/Erth      #........    100%        6    #######
 Dragon Form              Tmut           #.........   100%        7    #######
 Malign Gateway           Summ/Tloc      ###.......   100%        7    #######
 Monstrous Menagerie      Summ           #.........   100%        7    #######
 Ring of Flames           Chrm/Fire      ###.......   100%        7    #######
 Summon Greater Demon     Summ           #.........   100%        7    #######
 Summon Hydra             Summ           #.........   100%        7    #######
 Controlled Blink         Tloc           N/A          100%        8    #######
 Discord                  Hex            #.........   100%        8    #######
 Disjunction              Tloc           ####......   100%        8    #######
 Summon Horrible Things   Summ           #.........   100%        8    #######
 Shatter                  Erth           #.........   100%        9    #######


Dungeon Overview and Level Annotations

Branches:
Dungeon (15/15)            Temple (1/1) D:4            Lair (6/6) D:9
  Swamp (4/4) Lair:3        Snake (4/4) Lair:3        Slime (5/5) Lair:5
    Orc (2/2) D:11            Elf (3/3) Orc:2        Vaults (5/5) D:14
  Crypt (0/3) Vaults:3     Depths (5/5) D:15            Zot (5/5) Depths:5
 Bailey (visited)           IceCv (visited)         Volcano (visited)
Gauntlet (visited)

Altars:
Ashenzari
Cheibriados
Dithmenos
Elyvilon
Fedhas
Gozag
Hepliaklqana
Kikubaaqudgha
Makhleb
Nemelex Xobeh
Okawaru
Qazlal
Ru
Sif Muna
Trog
Uskayaw
Vehumet
Wu Jian
Xom
Yredelemnul
Zin
The Shining One
Jiyva

Shops:
Orc:1 ?=[[%   Orc:2 =(!}%   Snake:1 [   Snake:2 (   Snake:4 :=?   Vaults:2 !
Vaults:3 ?

Portals:
Hell: Depths:1 Depths:2 Depths:3 Depths:4 Depths:5
Abyss: Depths:3 Depths:4 Depths:5
Pandemonium: Orc:2 Depths:1 Depths:2 Depths:3 Depths:4
Ziggurat: Depths:4

Annotations:
Zot:3 1 runed translucent door, Puegucze's ghost, legendary GnCj
Zot:4 2 runed translucent doors, Fiestras's ghost, master MiFi


Innate Abilities, Weirdness & Mutations

You are small and have problems with some larger weapons.
You are somewhat resistant to further mutation.
You are clumsy. (Dex -2)
Your magical capacity is low. (-10% MP)
You are robust. (+10% HP)
Potions are less effective at restoring your health.


Message History

The lightning grounds out.
The Orb Guardian is severely wounded.
You block the death cob's attack. x2; The Orb Guardian hits you.
* * * LOW HITPOINT WARNING * * *
The Orb Guardian hits you.
* * * LOW HITPOINT WARNING * * *
The Orb Guardian completely misses you. The death cob hits you!
* * * LOW HITPOINT WARNING * * *
The death cob drains your vigour!
You feel as though you will be slow longer.
The death cob barely misses you.
The Orb Guardian hits you but does no damage.
Your system partially rejects the healing.
You feel much better. The death cob misses you.
You block the death cob's attack.
The death cob hits you but does no damage.
You block the death cob's attack.
The Orb Guardian hits you but does no damage.
You block the Orb Guardian's attack. The Orb Guardian hits you!!
You die...

⌠,****#..##.z.○.#,,,,,***,,,,,,,*
,** *#....#.#...#,*,,,**,,,,,**
** ########○########*************
#.......☼.......# **,,,,,,,, *
##......z.^....#* **,,,,,,,,, **
#.............# **,,,,,,,,,, ,*
##.......§z§§## *,,,,,,,,,,, ,*
#........§zX# *,,,,,,,,,,, ,*
*#........Xz@#* *,,,,,,,,,,, ,*
*........§§XXX# *,,,,,,,,,,, ,*
*#........§§X§§#* *,,,,,,,,,,,
,***,,§........§...#**,,,,,,,,,,,
***,,,###########...#**,,,,,,,,,,
*,,,,** *#...,**,,,,,,,,, ,,,***
*##^.,,,,,,,,,,, ****
*▓▓▓********** *** ****,,,,,,,,,


You could see a curse toe, 2 death cobs and 6 Orb Guardians.

Vanquished Creatures
  Dissolution (Slime:2)
  the Royal Jelly (Slime:5)
  3 orbs of fire
  Sojobo (Depths:4)
  Saint Roka (Snake:3)
  2 curse toes
  Vashnia (Snake:1)
  6 caustic shrikes
  7 golden dragons
  A bone dragon (Abyss:3)
  A profane servitor (Abyss:3)
  Nikola (Snake:1)
  12 tentacled monstrosities
  Jorgrun (Swamp:3)
  A Hell Sentinel (Abyss:3)
  7 liches
  5 quicksilver dragons
  4 deep elf blademasters (Elf:3)
  Asterion (Snake:1)
  Frances (Elf:1)
  5 titans
  2 deep elf master archers (Elf:3)
  Kirke (Snake:1)
  13 tentacled starspawn
  9 death cobs
  41 acid blobs
  14 shadow dragons
  2 sphinxes
  8 tengu reavers
  3 draconian monks
  4 thorn hunters
  20 storm dragons
  A revenant (Vaults:3)
  Roxanne (Swamp:4)
  5 nagarajas (Snake:4)
  12 fire giants
  18 frost giants
  The ghost of Irintojih the Fighter, a journeyman HONe of Trog (D:14)
  11 azure jellies
  2 ghost moths
  An iron dragon (Vaults:5)
  A cacodemon (D:14)
  4 draconian knights
  2 balrugs
  3 draconian scorchers (Zot:3)
  8 deep elf sorcerers
  The ghost of ragvald the Fighter, a journeyman MiBe of Trog (Lair:5)
  14 vault wardens
  2 draconian stormcallers
  A ghoul (Vaults:3)
  15 ironheart preservers
  7 draconian annihilators
  3 deep elf elementalists (Elf:3)
  24 very ugly things
  6 green draconians
  12 draconian shifters
  2 entropy weavers
  3 spriggan defenders
  2 vampire knights (Depths:2)
  33 stone giants
  Azrael (D:14)
  65 starcursed masses
  2 dire elephants (Lair:4)
  13 purple draconians
  14 red draconians
  11 deep elf annihilators
  9 black draconians
  Nessos (Lair:4)
  12 white draconians
  7 deep elf demonologists
  14 spark wasps
  A minotaur (Gauntlet)
  8 yellow draconians
  An eidolon (Vaults:3)
  17 ettins
  A fire dragon (shapeshifter) (Vaults:2)
  8 deep elf death magi
  A merfolk javelineer (Depths:2)
  2 crystal guardians
  3 green deaths
  A blizzard demon (Depths:4)
  13 fire dragons
  11 death oozes
  5 deep elf high priests
  21 yaktaur captains
  A quicksilver dragon zombie (Abyss:3)
  Harold (D:8)
  17 great orbs of eyes
  An ice dragon (shapeshifter) (Vaults:5)
  A quicksilver dragon skeleton (Abyss:3)
  44 vault guards
  24 naga warriors
  9 rakshasas
  17 hydras
  2 hell beasts
  4 spriggan air magi
  4 ghost crabs
  A hydra (shapeshifter) (Vaults:5)
  14 ogre magi
  8 anacondas
  18 ice dragons
  A shambling mangrove (Swamp:1)
  3 catoblepae (Lair:6)
  6 death knights
  6 tengu warriors
  38 two-headed ogres
  7 alligators
  13 centaur warriors
  10 deep troll shamans
  24 dancing weapons
  A vampire mage (Abyss:3)
  A two-headed ogre (shapeshifter) (Depths:5)
  6 deep troll earth magi
  4 hell hogs (Abyss:3)
  10 death yaks
  8 spriggan berserkers
  8 shock serpents
  A titan zombie (Abyss:3)
  5 orc high priests (Orc:2)
  19 thrashing horrors
  21 naga sharpshooters
  20 deep elf knights
  2 soul eaters
  11 hell knights
  A storm dragon zombie (D:15)
  4 shadow wraiths
  A sun demon (Abyss:4)
  3 sixfirhies
  2 spatial maelstroms (Abyss:3)
  A golden dragon zombie (Abyss:3)
  7 salamander mystics
  12 skeletal warriors
  17 wretched stars
  5 iron trolls
  4 unseen horrors
  2 spriggan druids (Swamp:2)
  9 wizards
  2 torturous demonspawn (Orc:2)
  5 flayed ghosts
  2 swamp dragons (shapeshifter)
  A gelid demonspawn (Depths:4)
  5 swamp dragons
  12 glowing orange brains
  10 naga ritualists
  2 unseen horrors (shapeshifter)
  6 phantasmal warriors
  25 deep elf archers
  20 ironbrand convokers
  A tengu zombie (Vaults:2)
  26 deep trolls
  Pikel (D:6)
  A harpy (shapeshifter) (Vaults:3)
  3 orange crystal statues
  A golden dragon skeleton (Abyss:3)
  7 necromancers
  12 mana vipers
  21 orc knights
  59 deep elf magi
  A frost giant zombie (Vaults:2)
  8 orc sorcerers
  6 oklob plants
  7 shining eyes
  4 harpies (Vaults:4)
  2 salamanders (shapeshifter)
  8 wolf spiders
  9 cyclopes
  A cyclops (shapeshifter) (Vaults:4)
  2 elephants (shapeshifter)
  23 salamanders
  50 ugly things
  A moth of wrath (shapeshifter) (Depths:2)
  5 manticores
  A human skeleton (Vaults:4)
  A stone giant skeleton (Vaults:4)
  An eye of devastation (shapeshifter) (D:14)
  26 moths of wrath
  48 black mambas
  7 rust devils
  12 elephants
  2 apocalypse crabs (Abyss:3)
  12 guardian serpents
  A water nymph (shapeshifter) (Zot:3)
  Psyche (D:8)
  18 spiny frogs
  17 vault sentinels
  4 orange demons
  An ice statue (IceCv)
  13 naga magi
  3 eyes of devastation
  2 gargoyles
  A komodo dragon (shapeshifter) (Depths:1)
  13 smoke demons
  13 komodo dragons
  A yaktaur zombie (D:15)
  A hellion (Abyss:3)
  A demonic crawler (Abyss:3)
  57 yaktaurs
  3 rime drakes
  6 freezing wraiths
  A guardian mummy (Zot:3)
  A yaktaur (shapeshifter) (Depths:1)
  5 hellwings
  2 kobold demonologists (D:14)
  8 tengu conjurers
  9 ancient zymes (Abyss:3)
  3 red devils
  A wind drake (shapeshifter) (Vaults:2)
  9 trolls
  A polar bear (shapeshifter) (Vaults:2)
  A meliai (shapeshifter) (Vaults:5)
  A queen bee (shapeshifter) (D:14)
  A spriggan skeleton (D:15)
  14 polar bears (IceCv)
  15 tyrant leeches
  A jumping spider (Vaults:2)
  12 hornets
  36 blink frogs
  A raiju (shapeshifter) (D:14)
  5 dream sheep (Lair:4)
  2 ettin zombies
  14 raiju (Abyss:3)
  A fire dragon zombie (D:15)
  6 hippogriffs
  15 bog bodies
  A snapping turtle (shapeshifter) (Vaults:5)
  2 hippogriffs (shapeshifter)
  A stone giant simulacrum (Vaults:2)
  132 slime creatures
  5 flying skulls (Abyss:3)
  A tarantella (Vaults:2)
  A centaur simulacrum (D:14)
  2 ettin skeletons
  6 shadows
  A tarantella (shapeshifter) (Vaults:2)
  A vampire (Abyss:3)
  2 redbacks (Vaults:2)
  A spriggan (shapeshifter) (Vaults:5)
  3 wyverns
  4 spriggans
  14 ynoxinuls
  Sigmund (D:2)
  7 water elementals
  A yak (shapeshifter) (D:14)
  The ghost of miro123 the Chopper, an amateur MiGl (D:4)
  3 basilisks
  A fire bat (Abyss:3)
  A fire bat (shapeshifter) (D:14)
  11 neqoxecs
  73 yaks
  6 wraiths
  9 chaos spawn
  A hog (shapeshifter) (Depths:1)
  A human (shapeshifter) (Vaults:1)
  9 golden eyes
  A golden eye (shapeshifter) (Depths:1)
  3 hungry ghosts
  5 fire elementals
  A hog (Snake:1)
  30 large abominations
  21 vampire mosquitoes
  Menkaure (D:5)
  22 small abominations
  5 wargs
  21 swamp worms
  3 acid dragons
  26 insubstantial wisps
  55 nagas
  26 water moccasins
  3 hell hounds
  6 porcupines
  2 floating eyes
  A floating eye (shapeshifter) (Vaults:5)
  A hornet zombie (D:12)
  48 orc warriors
  11 eyes of draining
  An ice beast (shapeshifter) (Abyss:3)
  3 ice beasts
  2 phantoms
  An ice dragon simulacrum (Abyss:3)
  9 swamp drakes
  A black bear (D:7)
  An eye of draining (shapeshifter) (Depths:2)
  2 human zombies
  6 sky beasts
  34 ogres
  A necrophage (D:10)
  A black mamba simulacrum (Abyss:3)
  A tengu (shapeshifter) (Depths:3)
  20 boggarts
  24 wolves
  23 centaurs
  22 crocodiles
  An ogre (shapeshifter) (Depths:1)
  3 big kobolds
  23 bullfrogs
  2 human simulacra
  An earth elemental (Abyss:3)
  7 scorpions
  A vampire bat (D:3)
  22 killer bees
  4 electric eels
  A howler monkey (shapeshifter) (D:15)
  4 wights (D:10)
  13 crimson imps
  7 centaur zombies
  7 quasits
  5 bullfrog zombies
  7 hounds
  36 orc priests
  A jelly (D:11)
  Crazy Yiuf (D:2)
  2 bullfrog skeletons
  4 centaur skeletons
  A gnoll shaman (D:10)
  6 iron imps
  5 iguanas
  Natasha (thrice) (D:2)
  5 lightning spires (Zot:4)
  27 orc wizards
  16 worker ants
  A hound zombie (D:6)
  2 hound skeletons
  A worker ant zombie (D:8)
  13 gnolls
  2 howler monkey zombies
  20 adders
  A gnoll (shapeshifter) (Vaults:5)
  A howler monkey skeleton (D:11)
  4 shadow imps
  20 white imps
  6 ufetubi
  2 adder zombies
  An adder skeleton (D:9)
  2 worms
  A dart slug (D:2)
  13 leopard geckos
  99 orcs
  3 bat skeletons (D:3)
  2 bat zombies (D:3)
  6 giant cockroaches
  23 goblins
  8 hobgoblins
  9 jackals
  5 quokkas
  A ball python (D:1)
  A ball python skeleton (D:4)
  5 bats
  8 frilled lizards
  A giant cockroach zombie (D:6)
  33 kobolds
  A leopard gecko skeleton (D:8)
  2 quokka skeletons
  10 rats
  2 briar patches (Swamp:4)
  3 crawling corpses (Depths:5)
  A fungus (Lair:5)
  A plant (Lair:6)
  7 starspawn tentacles
3138 creatures vanquished.

Vanquished Creatures (others)
  An ogre mage (Depths:2)
  A thrashing horror (Abyss:3)
  A spriggan druid (Swamp:3)
  An orange demon (Swamp:4)
  A hornet (Swamp:2)
  A spriggan (Swamp:2)
  A human (Snake:1)
  A vampire mosquito (Swamp:4)
  A large abomination (Abyss:4)
  3 ogres
  A boggart (Vaults:1)
  2 bullfrogs (D:6)
  An orc (Vaults:4)
  2 briar patches
  5 fungi
  A lurking horror (Abyss:3)
  15 plants
  29 starspawn tentacles
  9 toadstools (Lair:4)
77 creatures vanquished.

Grand Total: 3215 creatures vanquished

Notes
Turn   | Place    | Note
-------+----------+-------------------------------------------
     0 | D:1      | Kagalorn the Halfling Hunter began the quest for the Orb.
     0 | D:1      | Reached XP level 1. HP: 14/14 MP: 1/1
    54 | D:1      | Reached XP level 2. HP: 19/19 MP: 2/2
   161 | D:1      | Reached XP level 3. HP: 9/24 MP: 3/3
   905 | D:2      | Reached XP level 4. HP: 17/29 MP: 4/4
  1277 | D:2      | Noticed Sigmund
  1415 | D:2      | Noticed Natasha
  1430 | D:2      | Killed Natasha
  1430 | D:2      | Reached XP level 5. HP: 15/34 MP: 2/5
  1749 | D:2      | Noticed Natasha
  1762 | D:2      | Killed Natasha
  1842 | D:2      | Killed Sigmund
  1842 | D:2      | Reached skill level 10 in Slings
  1842 | D:2      | Reached XP level 6. HP: 8/39 MP: 2/6
  2176 | D:2      | Found a runed translucent door.
  2177 | D:2      | Noticed Crazy Yiuf
  2222 | D:2      | Noticed Natasha
  2232 | D:2      | Killed Natasha
  2283 | D:2      | Killed Crazy Yiuf
  2679 | D:3      | You fall into a shaft and drop 1 floor!
  2716 | D:3      | Reached XP level 7. HP: 39/44 MP: 5/7
  3121 | D:3      | Found an ancient bone altar of Kikubaaqudgha.
  3357 | D:4      | Found a runed translucent gate.
  3494 | D:4      | Found a staircase to the Ecumenical Temple.
  3500 | Temple   | Entered the Ecumenical Temple
  3699 | Temple   | Became a worshipper of Warmaster Okawaru
  3721 | D:4      | Found a runed translucent gate.
  3721 | D:4      | Found a runed translucent gate.
  3745 | D:4      | Noticed miro123's ghost (amateur MiGl)
  3746 | D:4      | Identified the +2 dagger "Afebih" {chaos, +Blink Int+3
                  | Dex-3}
  3872 | D:4      | Found a stormy altar of Qazlal.
  4370 | D:4      | Found a burning altar of Makhleb.
  4371 | D:4      | Found a radiant altar of Vehumet.
  4661 | D:5      | Entered Level 5 of the Dungeon
  4677 | D:5      | Reached skill level 1 in Armour
  4677 | D:5      | Reached skill level 1 in Shields
  4677 | D:5      | Reached skill level 1 in Invocations
  4682 | D:5      | Reached XP level 8. HP: 42/50 MP: 6/9
  4782 | D:5      | Found a sacrificial altar of Ru.
  4917 | D:5      | Noticed Menkaure
  4926 | D:5      | Killed Menkaure
  4926 | D:5      | Reached * piety under Okawaru
  5221 | D:5      | Found a shimmering blue altar of Sif Muna.
  5652 | D:5      | Reached skill level 1 in Long Blades
  6201 | D:6      | Found a shadowy altar of Dithmenos.
  6268 | D:6      | Noticed Pikel
  6306 | D:6      | Killed Pikel
  6306 | D:6      | Reached ** piety under Okawaru
  6306 | D:6      | Reached XP level 9. HP: 51/57 MP: 11/11
  6668 | D:6      | Reached *** piety under Okawaru
  6953 | D:7      | Found a basalt altar of Yredelemnul.
  7059 | D:7      | Found a flagged portal.
  7078 | Bailey   | Entered a bailey
  7156 | Bailey   | Noticed an orc knight
  7223 | Bailey   | Noticed an orc knight
  7272 | Bailey   | Killed an orc knight
  7272 | Bailey   | Received a gift from Okawaru
  7272 | Bailey   | Reached skill level 5 in Fighting
  7272 | Bailey   | Reached XP level 10. HP: 66/66 MP: 11/13
  7514 | Bailey   | Killed an orc knight
  7762 | Bailey   | Identified the +4 ring mail "Seom" {Slay+3}
  7842 | Bailey   | Got a transparent cloak
  7963 | Bailey   | Identified the +2 cloak of the Orange Skies {rPois} (You
                  | found it in a bailey)
  8105 | D:7      | Reached skill level 5 in Long Blades
  8461 | D:7      | Reached skill level 5 in Armour
  8559 | D:7      | Reached **** piety under Okawaru
  8569 | D:7      | Found an opulent altar of Gozag.
  8570 | D:7      | Found a glowing silver altar of Zin.
  8727 | D:8      | Received a gift from Okawaru
  8798 | D:8      | Noticed Harold
  9008 | D:8      | Found a shimmering altar of Xom.
  9035 | D:8      | Noticed Psyche
  9223 | D:9      | Noticed a two-headed ogre
  9223 | D:9      | Noticed a two-headed ogre
  9495 | D:9      | Killed a two-headed ogre
  9495 | D:9      | Reached skill level 5 in Invocations
  9677 | D:9      | Reached XP level 11. HP: 66/71 MP: 11/14
  9724 | D:9      | Found a staircase to the Lair.
  9740 | D:9      | Killed a two-headed ogre
  9740 | D:9      | Reached skill level 5 in Dodging
  9740 | D:9      | Reached skill level 5 in Stealth
  9740 | D:9      | Reached skill level 5 in Shields
  9871 | D:9      | Received a gift from Okawaru
  9985 | D:9      | Found the +5 robe of Misfortune {*Contam Harm *Corrode
                  | *Drain *Slow EV+5}
 10101 | D:9      | Reached skill level 1 in Evocations
 10311 | D:10     | Entered Level 10 of the Dungeon
 10380 | D:10     | Noticed a two-headed ogre
 10405 | D:10     | Killed a two-headed ogre
 10405 | D:10     | Received a gift from Okawaru
 10409 | D:10     | Reached skill level 5 in Evocations
 10468 | D:10     | Noticed a two-headed ogre
 10483 | D:10     | Killed a two-headed ogre
 10483 | D:10     | Received a gift from Okawaru
 10717 | D:10     | Received a gift from Okawaru
 11503 | D:8      | Killed Harold
 11503 | D:8      | Reached ***** piety under Okawaru
 11503 | D:8      | Received a gift from Okawaru
 11503 | D:8      | Reached XP level 12. HP: 39/77 MP: 17/17
 11507 | D:8      | Paralysed by Psyche for 5 turns
 11514 | D:8      | Killed Psyche
 12015 | Lair:1   | Entered Level 1 of the Lair of Beasts
 12183 | Lair:1   | Found a dark tunnel.
 12215 | Volcano  | Entered a volcano
 12238 | Volcano  | Noticed a salamander mystic
 12256 | Volcano  | Killed a salamander mystic
 12256 | Volcano  | Received a gift from Okawaru
 12273 | Volcano  | Found a bloodstained altar of Trog.
 12274 | Volcano  | Noticed a hell knight
 12356 | Volcano  | Received a gift from Okawaru
 12442 | Volcano  | Killed a hell knight
 12502 | Volcano  | Received a gift from Okawaru
 12913 | Lair:1   | Received a gift from Okawaru
 13028 | Lair:1   | Received a gift from Okawaru
 13301 | Lair:1   | Received a gift from Okawaru
 13301 | Lair:1   | Reached skill level 10 in Long Blades
 13734 | Lair:2   | Reached XP level 13. HP: 86/86 MP: 18/18
 14036 | Lair:2   | Got a warped scale mail
 14047 | Lair:2   | Identified the +1 scale mail "Pubovo" {Dex+5 Slay-2} (You
                  | found it on level 2 of the Lair of Beasts)
 14207 | Lair:2   | Received a gift from Okawaru
 14538 | Lair:2   | Received a gift from Okawaru
 15067 | Lair:3   | Found a staircase to the Snake Pit.
 15266 | Lair:3   | Received a gift from Okawaru
 15303 | Lair:3   | Reached ****** piety under Okawaru
 15360 | Lair:3   | Found a staircase to the Swamp.
 15621 | Lair:4   | Noticed Nessos
 15633 | Lair:4   | Killed Nessos
 15650 | Lair:4   | Received a gift from Okawaru
 15764 | Lair:3   | Reached skill level 15 in Slings
 15844 | Lair:4   | Received a gift from Okawaru
 15895 | Lair:4   | Reached XP level 14. HP: 94/94 MP: 20/20
 16163 | Lair:4   | Received a gift from Okawaru
 16386 | Lair:4   | Noticed a dire elephant
 16386 | Lair:4   | Noticed a dire elephant
 16407 | Lair:4   | Found a runed translucent door.
 16829 | Lair:5   | Upgraded the game from 0.25-a0-160-gd1d2e81aba to
                  | 0.25-a0-163-g00f8f0cddd
 16982 | Lair:5   | Noticed ragvald's ghost (journeyman MiBe)
 17282 | Lair:5   | Found a staircase to the Slime Pits.
 17284 | Lair:5   | Found a viscous altar of Jiyva.
 17295 | Lair:5   | You fall into a shaft and drop 1 floor!
 17295 | Lair:6   | Entered Level 6 of the Lair of Beasts
 17312 | Lair:6   | Received a gift from Okawaru
 17460 | Lair:5   | Found a runed translucent door.
 17922 | Lair:6   | Received a gift from Okawaru
 18243 | Lair:6   | Received a gift from Okawaru
 18590 | Lair:6   | Received a gift from Okawaru
 18739 | Lair:6   | Received a gift from Okawaru
 19038 | Lair:6   | Reached XP level 15. HP: 57/99 MP: 21/21
 19938 | D:4      | Killed miro123's ghost
 20099 | D:11     | Found a gate leading to a gauntlet.
 20103 | Gauntlet | Entered a Gauntlet
 20103 | Gauntlet | Found a transporter.
 20112 | Gauntlet | Found a transporter.
 20127 | Gauntlet | Found a transporter.
 20129 | Gauntlet | Found a large runed translucent door.
 20129 | Gauntlet | Found a large runed translucent door.
 20130 | Gauntlet | Found a large runed translucent door.
 20130 | Gauntlet | Found a large runed translucent door.
 20131 | Gauntlet | Found a large runed translucent door.
 20131 | Gauntlet | Found a large runed translucent door.
 20131 | Gauntlet | Found a runed translucent door.
 20131 | Gauntlet | Found a runed translucent door.
 20131 | Gauntlet | Found a large runed translucent door.
 20132 | Gauntlet | Found a transporter.
 20147 | Gauntlet | Found a transporter.
 20162 | Gauntlet | Found a large runed translucent door.
 20163 | Gauntlet | Found a large runed translucent door.
 20164 | Gauntlet | Found a large runed translucent door.
 20164 | Gauntlet | Found a large runed translucent door.
 20165 | Gauntlet | Found a runed translucent gate.
 20166 | Gauntlet | Found a transporter.
 20166 | Gauntlet | Found a runed translucent gate.
 20167 | Gauntlet | Found a runed translucent gate.
 20168 | Gauntlet | Found a large runed translucent door.
 20168 | Gauntlet | Found a large runed translucent door.
 20169 | Gauntlet | Found a large runed translucent door.
 20170 | Gauntlet | Found a large runed translucent door.
 20178 | Gauntlet | Found a transporter.
 20190 | Gauntlet | Found a transporter.
 20190 | Gauntlet | Noticed a cacodemon
 20202 | Gauntlet | Found a transporter.
 20214 | Gauntlet | Found a transporter.
 20231 | Gauntlet | Found a transporter.
 20249 | Gauntlet | Found a transporter.
 20251 | Gauntlet | Found a transporter.
 20278 | Gauntlet | Found a transporter.
 20296 | Gauntlet | Found a transporter.
 20300 | Gauntlet | Found a transporter.
 20300 | Gauntlet | Found a transporter.
 20376 | Gauntlet | Found a large runed translucent door.
 20404 | Gauntlet | Found a transporter.
 20641 | Gauntlet | Received a gift from Okawaru
 20674 | Gauntlet | Got a pair of slimy boots {god gift}
 20690 | Gauntlet | Identified the +4 pair of boots of Calculation {rPois rCorr
                  | Int-5} (Okawaru gifted it to you in a Gauntlet)
 20943 | Gauntlet | Got a crude diamond amulet
 20945 | Gauntlet | Identified the amulet of the Unstoppable Beds {Harm *Drain
                  | rN+} (You found it in a Gauntlet)
 20992 | Gauntlet | Identified the Handbook of Proximity
 21110 | D:11     | Found a staircase to the Orcish Mines.
 23232 | Orc:1    | Entered Level 1 of the Orcish Mines
 23232 | Orc:1    | Found Kaohost's Magic Scroll Shoppe.
 23393 | Orc:1    | Found Zuse's Jewellery Boutique.
 23427 | Orc:1    | Bought a scroll of remove curse for 39 gold pieces
 23427 | Orc:1    | Bought a scroll of blinking for 97 gold pieces
 23427 | Orc:1    | Bought a scroll of teleportation for 39 gold pieces
 23427 | Orc:1    | Bought a scroll of teleportation for 39 gold pieces
 23427 | Orc:1    | Bought a scroll of teleportation for 39 gold pieces
 23427 | Orc:1    | Bought 2 scrolls of identify for 52 gold pieces
 23427 | Orc:1    | Bought a scroll of identify for 26 gold pieces
 23427 | Orc:1    | Bought a scroll of magic mapping for 45 gold pieces
 23599 | Orc:2    | Entered Level 2 of the Orcish Mines
 23599 | Orc:2    | Found a frozen archway.
 23672 | IceCv    | Entered an ice cave
 24006 | IceCv    | Received a gift from Okawaru
 24307 | IceCv    | Received a gift from Okawaru
 24376 | IceCv    | Noticed a frost giant
 24407 | IceCv    | Killed a frost giant
 24407 | IceCv    | Reached XP level 16. HP: 82/105 MP: 19/22
 24452 | IceCv    | Identified Okam's Handbook of Scorching Translocation
 24455 | IceCv    | Identified the Reference Book on Ice
 24932 | Orc:2    | Found Vysuadasiff's Jewellery Shop.
 25002 | Orc:2    | Found a staircase to the Elven Halls.
 25422 | Orc:1    | Found Zoeclu's Food Emporium.
 25687 | Orc:1    | Found Sihev's Antique Armour Shoppe.
 25712 | Orc:1    | Found Qobi's Antique Armour Shop.
 25720 | Orc:1    | Bought a pair of ichor-stained gloves for 285 gold pieces
 25720 | Orc:1    | Bought a transparent helmet for 285 gold pieces
 25723 | Orc:1    | Identified the +1 pair of gloves of an ice cave {Slay+6
                  | SInv} (You bought it in a shop on level 1 of the Orcish
                  | Mines)
 25738 | Orc:1    | Identified the cursed +0 helmet "Put-Me-On" {rElec MP+9
                  | Int-2 Dex+6} (You bought it in a shop on level 1 of the
                  | Orcish Mines)
 25755 | Orc:1    | Bought a shiny helmet for 225 gold pieces
 26114 | Orc:2    | Found Rel Daol's Distillery.
 26117 | Orc:2    | Found Derided's Food Shop.
 26290 | Orc:2    | Received a gift from Okawaru
 26674 | Orc:2    | Gained mutation: You do not regenerate when monsters are
                  | visible. [a neqoxec]
 26879 | Orc:2    | Paralysed by an orc sorcerer for 3 turns
 26977 | Orc:2    | Found Fenexabb's Antique Weapon Shoppe.
 26977 | Orc:2    | Found Nasy's Gadget Emporium.
 26977 | Orc:2    | Found a one-way gate leading to the halls of Pandemonium.
 27248 | Orc:2    | Bought the amulet of the Raven {MR++ Regen+ Str+4 Int-2}
                  | for 843 gold pieces
 27578 | D:13     | Received a gift from Okawaru
 27628 | D:13     | Got a heavily runed cloak
 27639 | D:13     | Identified the +0 cloak "Wemis" {*Contam +Fly rElec rPois}
                  | (You found it on level 13 of the Dungeon)
 27658 | D:13     | Gained mutation: You are frail. (-10% HP) [mutagenic glow]
 27851 | D:13     | Got a heavily runed chain mail
 27862 | D:13     | Identified the +1 chain mail of the Dwarven Hall {rElec rF-
                  | Dex+8} (You found it on level 13 of the Dungeon)
 28080 | D:13     | Received a gift from Okawaru
 28123 | D:13     | Got an ichor-stained hunting sling {god gift}
 28124 | D:13     | Identified the +5 hunting sling of Guilt {velocity, rElec
                  | Str+3 Int+3} (Okawaru gifted it to you on level 13 of the
                  | Dungeon)
 28457 | D:14     | Found a gate to the Vaults.
 28656 | Snake:1  | Entered Level 1 of the Snake Pit
 28722 | Snake:1  | Noticed Asterion
 28841 | Snake:1  | Killed Asterion
 28859 | Snake:1  | Reached XP level 17. HP: 71/98 MP: 23/23
 28866 | Snake:1  | Received a gift from Okawaru
 28949 | Snake:1  | Noticed Kirke
 28970 | Snake:1  | Killed Kirke
 28970 | Snake:1  | Received a gift from Okawaru
 28973 | Snake:1  | Got a pair of shimmering boots {god gift}
 28984 | Snake:1  | Identified the +1 pair of boots of Goma Donn {rF+ MR+}
                  | (Okawaru gifted it to you on level 1 of the Snake Pit)
 29148 | Snake:1  | Found Warghoad's Antique Armour Boutique.
 29164 | Snake:1  | Found an ornate altar of the Wu Jian Council.
 29331 | Snake:1  | Noticed Nikola
 29345 | Snake:1  | Killed Nikola
 29714 | Snake:2  | Noticed Vashnia
 29742 | Snake:1  | Killed Vashnia
 30249 | Snake:2  | Found Xisixzot's Antique Weapon Shop.
 30400 | Snake:3  | Noticed Saint Roka
 30817 | Snake:3  | Received a gift from Okawaru
 31126 | Snake:3  | Lost mutation: You are frail. (-10% HP) [potion of
                  | mutation]
 31126 | Snake:3  | Lost mutation: You do not regenerate when monsters are
                  | visible. [potion of mutation]
 31126 | Snake:3  | Gained mutation: You are agile. (Dex +2) [potion of
                  | mutation]
 31242 | Snake:3  | Reached XP level 18. HP: 111/116 MP: 24/24
 31558 | Snake:3  | Killed Saint Roka
 31569 | Snake:3  | Received a gift from Okawaru
 31590 | Snake:3  | Reached skill level 27 in Slings
 31604 | Snake:3  | Got a pair of ancient boots {god gift}
 31615 | Snake:3  | Identified the +2 pair of boots of Minor Irritation {Dex+3}
                  | (Okawaru gifted it to you on level 3 of the Snake Pit)
 32376 | Snake:4  | Entered Level 4 of the Snake Pit
 33360 | Snake:4  | Received a gift from Okawaru
 33364 | Snake:4  | Got a twisted hunting sling {god gift}
 33374 | Snake:4  | Identified the +7 hunting sling of Righteous Anger {venom,
                  | rElec Int-3 Dex+4} (Okawaru gifted it to you on level 4 of
                  | the Snake Pit)
 33586 | Snake:4  | Reached skill level 10 in Fighting
 33628 | Snake:4  | Reached XP level 19. HP: 85/126 MP: 25/25
 33765 | Snake:4  | Received a gift from Okawaru
 34022 | Snake:4  | Found Pudut's Magic Scroll Emporium.
 34024 | Snake:4  | Found Rerghud's Jewellery Shoppe.
 34026 | Snake:4  | Found Amay's Book Emporium.
 34106 | Snake:4  | Reached skill level 10 in Armour
 34784 | Snake:4  | Got a serpentine rune of Zot
 35147 | D:14     | Received a gift from Okawaru
 35565 | D:14     | Received a gift from Okawaru
 35612 | D:14     | Found a shadowy altar of Dithmenos.
 35766 | D:14     | Noticed Azrael
 35798 | D:14     | Killed Azrael
 35992 | D:14     | Found a runed translucent gate.
 35992 | D:14     | Found a runed translucent gate.
 35994 | D:14     | Found a runed translucent gate.
 36127 | D:15     | Entered Level 15 of the Dungeon
 36562 | D:15     | Found a staircase to the Depths.
 37708 | Lair:5   | Killed ragvald's ghost
 37798 | Swamp:1  | Entered Level 1 of the Swamp
 38049 | Swamp:1  | Reached XP level 20. HP: 109/138 MP: 26/26
 38946 | Swamp:1  | Received a gift from Okawaru
 39214 | Swamp:2  | Reached skill level 10 in Dodging
 39393 | Swamp:2  | Identified the +3 buckler of Zin's Castigation {Regen+}
                  | (You found it on level 2 of the Swamp)
 39999 | Swamp:3  | Received a gift from Okawaru
 40064 | Swamp:3  | Noticed Jorgrun
 40075 | Swamp:3  | Killed Jorgrun
 40847 | Swamp:4  | Entered Level 4 of the Swamp
 40847 | Swamp:4  | Noticed Roxanne
 41247 | Swamp:4  | Received a gift from Okawaru
 41640 | Swamp:4  | Received a gift from Okawaru
 41741 | Swamp:4  | Received a gift from Okawaru
 41925 | Swamp:4  | Got a decaying rune of Zot
 41952 | Swamp:4  | Reached XP level 21. HP: 148/148 MP: 28/28
 42106 | Swamp:4  | Killed Roxanne
 42106 | Swamp:4  | Reached skill level 10 in Evocations
 42410 | Orc:2    | Bought the +8 arc blade {discharge, rElec} for 1320 gold
                  | pieces
 42410 | Orc:2    | Found the +8 arc blade {discharge, rElec}
 42547 | Vaults:1 | Entered Level 1 of the Vaults
 42679 | Vaults:1 | Reached skill level 1 in Short Blades
 42865 | Vaults:1 | Received a gift from Okawaru
 43358 | Vaults:1 | Reached skill level 5 in Short Blades
 44051 | Vaults:2 | Received a gift from Okawaru
 44778 | Vaults:2 | Reached XP level 22. HP: 127/156 MP: 29/29
 44965 | Vaults:2 | Found Kiymn's Distillery.
 45013 | Vaults:2 | Reached skill level 15 in Fighting
 45395 | Vaults:3 | Received a gift from Okawaru
 45550 | Vaults:3 | Found a staircase to the Crypt.
 45691 | Vaults:3 | Found Urumil's Magic Scroll Shop.
 46239 | Vaults:3 | Reached skill level 15 in Armour
 46669 | Vaults:3 | You fall into a shaft and drop 1 floor!
 47112 | Vaults:3 | Received a gift from Okawaru
 47289 | Vaults:4 | Received a gift from Okawaru
 47333 | Vaults:4 | Received a gift from Okawaru
 47339 | Vaults:4 | Reached XP level 23. HP: 150/162 MP: 30/30
 47830 | Vaults:4 | Reached skill level 15 in Dodging
 48004 | Vaults:4 | Received a gift from Okawaru
 48015 | Vaults:4 | Identified the +0 buckler of Mogupac {*Slow rElec rC+}
                  | (Okawaru gifted it to you on level 4 of the Vaults)
 48754 | Elf:1    | Entered Level 1 of the Elven Halls
 48910 | Elf:1    | Noticed Frances
 48927 | Elf:1    | Killed Frances
 49008 | Elf:1    | Identified the Handbook of Attacks and the Entourage
 49120 | Elf:1    | Found a radiant altar of Vehumet.
 49668 | Elf:2    | Found a runed translucent gate.
 49668 | Elf:2    | Found a runed translucent gate.
 49668 | Elf:2    | Found a runed translucent gate.
 49919 | Elf:2    | Identified the cursed +3 falchion of Dishonour {slice, +Inv
                  | rPois}
 50634 | Elf:3    | Entered Level 3 of the Elven Halls
 50704 | Elf:3    | Received a gift from Okawaru
 51264 | Elf:3    | Reached XP level 24. HP: 170/171 MP: 30/30
 51394 | Elf:3    | Received a gift from Okawaru
 52095 | Elf:3    | Received a gift from Okawaru
 52302 | Elf:3    | Identified the +2 robe of Youthful Indiscretion {+Blink
                  | Regen+}
 52326 | Elf:3    | Identified the Guide on Dislocation and Lightness
 52335 | Elf:3    | Identified the Reference Book on Stolen Souls
 52340 | Elf:3    | Identified the Tome of Creative Lightness
 52348 | Elf:3    | Identified the Papyrus of Boosting Summoning
 52438 | Elf:3    | Identified the +10 short sword of the Eternal Warrior
                  | {protect, Str+4} (You found it on level 3 of the Elven
                  | Halls)
 52911 | D:14     | Found a runed translucent gate.
 52911 | D:14     | Found a runed translucent gate.
 52913 | D:14     | Found a runed translucent gate.
 52913 | D:14     | Noticed Irintojih's ghost (journeyman HONe)
 52959 | D:14     | Killed Irintojih's ghost
 53039 | D:14     | Lost mutation: You are agile. (Dex +2) [mutagenic glow]
 53582 | D:14     | Got a dazzling hat
 53594 | D:14     | Identified the cursed +0 hat "Ejerafos" {rElec} (You found
                  | it on level 14 of the Dungeon)
 53648 | Depths:1 | Entered Level 1 of the Depths
 54232 | Depths:1 | Found a gateway to Hell.
 54500 | Depths:1 | Received a gift from Okawaru
 54576 | Depths:1 | Found a shattered altar of Ashenzari.
 54739 | Depths:1 | Reached XP level 25. HP: 180/180 MP: 30/30
 54963 | Depths:1 | Received a gift from Okawaru
 55255 | Depths:2 | Identified the +1 pair of boots "Orocleck" {rC+ Int+2
                  | Dex-3} (You found it on level 2 of the Depths)
 55739 | Depths:2 | Lost intelligence.
 56043 | Depths:2 | Identified the ring of the Open Hand {*Tele Dex+6}
 56067 | Depths:2 | Received a gift from Okawaru
 56147 | Depths:2 | Found a blossoming altar of Fedhas.
 56168 | Depths:2 | Received a gift from Okawaru
 56271 | Depths:2 | Found a blossoming altar of Fedhas.
 56331 | Depths:2 | Found the +2 ratskin cloak {+Rats rPois rN+ Str-1 Int-1
                  | Dex+1}
 56444 | Depths:2 | Found a basalt altar of Yredelemnul.
 56673 | Depths:2 | Found a white marble altar of Elyvilon.
 56697 | Depths:2 | Reached XP level 26. HP: 191/191 MP: 30/30
 56807 | Depths:2 | Received a gift from Okawaru
 57620 | Depths:3 | Received a gift from Okawaru
 57732 | Depths:3 | Found a one-way gate to the infinite horrors of the Abyss.
 57739 | Depths:3 | Paralysed by a floating eye for 2 turns
 58133 | Depths:3 | Identified the +9 halberd of Poverty {antimagic, Int+4}
 58149 | Depths:2 | Received a gift from Okawaru
 58643 | Depths:3 | Identified the ring of Uskayaw's Hope {rC+ EV+2}
 58872 | Depths:3 | Identified the ring of Caiwkelakh {rPois rC+ Stlth+}
 59038 | Depths:3 | Identified the cursed ring "Ytuseh" {rC+ AC-5}
 59051 | Depths:3 | Identified a ring of Okawaru's Fury {rF+ rC- MR+ Int+4
                  | Dex+2} (You found it on level 3 of the Depths)
 59274 | Depths:3 | Reached XP level 27. HP: 201/201 MP: 30/30
 60113 | Depths:4 | Found a gateway to a ziggurat.
 60798 | Depths:4 | Received a gift from Okawaru
 60888 | Depths:4 | Identified the cursed ring of Atitis {-Tele rElec AC-2
                  | Str+3 Slay+2} (You found it on level 4 of the Depths)
 60950 | Depths:5 | Entered Level 5 of the Depths
 61164 | Depths:5 | Received a gift from Okawaru
 61181 | Depths:5 | Noticed Sojobo
 61243 | Depths:4 | Killed Sojobo
 61537 | Depths:5 | Received a gift from Okawaru
 61541 | Depths:5 | Identified the +0 chain mail of Boredom {rElec Slay+5}
                  | (Okawaru gifted it to you on level 5 of the Depths)
 62339 | Depths:5 | Found a gate to the Realm of Zot.
 62757 | Snake:4  | Bought a scroll of enchant armour for 112 gold pieces
 62757 | Snake:4  | Bought a scroll of blinking for 112 gold pieces
 62757 | Snake:4  | Bought a scroll of enchant weapon for 112 gold pieces
 62757 | Snake:4  | Bought a scroll of acquirement for 780 gold pieces
 62757 | Snake:4  | Bought a scroll of fear for 52 gold pieces
 62757 | Snake:4  | Bought a scroll of fear for 52 gold pieces
 62757 | Snake:4  | Bought a scroll of blinking for 112 gold pieces
 62772 | Snake:4  | Identified the +3 helmet "Qabrif" {+Blink +Inv Int+5
                  | Slay-3} (You acquired it on level 4 of the Snake Pit)
 63122 | Vaults:2 | Bought 2 potions of experience for 1000 gold pieces
 63122 | Vaults:2 | Bought a potion of curing for 30 gold pieces
 63122 | Vaults:2 | Bought a potion of invisibility for 80 gold pieces
 63122 | Vaults:2 | Bought a potion of curing for 30 gold pieces
 63127 | Vaults:2 | Reached skill level 5 in Translocations
 63131 | Vaults:2 | Learned a level 1 spell: Apportation
 63134 | Vaults:2 | Learned a level 2 spell: Blink
 63536 | Vaults:5 | Entered Level 5 of the Vaults
 63793 | Vaults:4 | Paralysed by a floating eye for 4 turns
 64136 | Vaults:5 | Received a gift from Okawaru
 64211 | Vaults:5 | Identified the +2 shield "Cuffe" {-Tele rCorr Int+8 Dex+3}
                  | (Okawaru gifted it to you on level 5 of the Vaults)
 64269 | Vaults:5 | Identified Hajacef's Volume of Transformation and the Blaze
 64271 | Vaults:5 | Identified the Papyrus of the Oath
 65223 | Vaults:5 | Received a gift from Okawaru
 65234 | Vaults:5 | Identified the +2 hunting sling "Juilalav" {speed, Int+2}
                  | (Okawaru gifted it to you on level 5 of the Vaults)
 65449 | Vaults:5 | Got a silver rune of Zot
 65577 | Vaults:5 | Identified the +6 mace "Qoufe" {venom, Int+3}
 65577 | Vaults:5 | Identified the +2 robe "Jeoxkauv" {MR+}
 65924 | Vaults:3 | Bought a scroll of teleportation for 57 gold pieces
 65924 | Vaults:3 | Bought a scroll of teleportation for 57 gold pieces
 65924 | Vaults:3 | Bought a scroll of teleportation for 57 gold pieces
 65924 | Vaults:3 | Bought a scroll of fog for 38 gold pieces
 65926 | Vaults:3 | Upgraded the game from 0.25-a0-163-g00f8f0cddd to
                  | 0.25-a0-166-g16436c4407
 66593 | Slime:1  | Entered Level 1 of the Pits of Slime
 66855 | Slime:1  | Received a gift from Okawaru
 66897 | Slime:2  | Gained mutation: You occasionally shout uncontrollably at
                  | your foes. [a shining eye]
 67566 | Slime:2  | Noticed Dissolution
 67582 | Slime:2  | Killed Dissolution
 67582 | Slime:2  | Received a gift from Okawaru
 67953 | Slime:1  | Received a gift from Okawaru
 68407 | Slime:5  | Entered Level 5 of the Pits of Slime
 68637 | Slime:5  | Noticed the Royal Jelly
 68665 | Slime:5  | Killed the Royal Jelly
 68869 | Slime:4  | Gained mutation: You are occasionally teleported next to
                  | monsters. [a shining eye]
 69378 | Slime:5  | Got a slimy rune of Zot
 69444 | Slime:5  | Identified the Collected Works on Transmutation and
                  | Bewitchment
 69471 | Slime:5  | Identified the ring of Ostruizath {+Blink MR+ Stlth+} (You
                  | found it on level 5 of the Pits of Slime)
 69480 | Slime:5  | Identified the +8 crystal plate armour of Card Tricks
                  | {Int+4 Dex+4} (You acquired it on level 5 of the Pits of
                  | Slime)
 69502 | Slime:5  | Identified the +10 scimitar "Conservator" {speed, Str+4
                  | Int+5} (You found it on level 5 of the Pits of Slime)
 69579 | Slime:5  | Got a distressingly furry helmet
 69591 | Slime:5  | Identified the cursed +0 helmet of Hepliaklqana's Delight
                  | {Int+3} (You found it on level 5 of the Pits of Slime)
 69629 | Slime:5  | Lost mutation: You occasionally shout uncontrollably at
                  | your foes. [potion of mutation]
 69629 | Slime:5  | Lost mutation: You are occasionally teleported next to
                  | monsters. [potion of mutation]
 69629 | Slime:5  | Gained mutation: Your spells are a little harder to cast,
                  | but a little more powerful. [potion of mutation]
 69839 | Slime:5  | Lost mutation: Your spells are a little harder to cast, but
                  | a little more powerful. [a shining eye]
 70056 | Slime:5  | Received a gift from Okawaru
 70809 | Depths:3 | Voluntarily entered the Abyss.
 71084 | Abyss:1  | Received a gift from Okawaru
 71168 | Abyss:2  | Found a corrupted altar of Lugonu.
 71368 | Abyss:3  | Found a corrupted altar of Lugonu.
 71521 | Abyss:3  | Found a hazy altar of Hepliaklqana.
 71597 | Abyss:3  | Gained mutation: You are weak. (Str -2) [a neqoxec]
 71907 | Abyss:3  | Received a gift from Okawaru
 71910 | Abyss:3  | Identified the +3 plate armour "Giuty Imid" {rPois MR++
                  | MP+9} (Okawaru gifted it to you on level 3 of the Abyss)
 72116 | Abyss:3  | Paralysed by accursed screaming for 1 turns
 72542 | Abyss:3  | Found a shimmering altar of Xom.
 72542 | Abyss:3  | Found a shimmering altar of Xom.
 72543 | Abyss:3  | Found a shimmering altar of Xom.
 72543 | Abyss:3  | Found a corrupted altar of Lugonu.
 72543 | Abyss:3  | Found a shimmering altar of Xom.
 72544 | Abyss:3  | Found a shimmering altar of Xom.
 72545 | Abyss:3  | Found a shimmering altar of Xom.
 72545 | Abyss:3  | Found a shimmering altar of Xom.
 72545 | Abyss:3  | Found a shimmering altar of Xom.
 72545 | Abyss:3  | Found a shimmering altar of Xom.
 72546 | Abyss:3  | Found a shimmering altar of Xom.
 72546 | Abyss:3  | Found a shimmering altar of Xom.
 72546 | Abyss:3  | Found a shimmering altar of Xom.
 72990 | Abyss:3  | Found a corrupted altar of Lugonu.
 73205 | Abyss:3  | Reached skill level 15 in Evocations
 73406 | Abyss:3  | Received a gift from Okawaru
 73417 | Abyss:3  | Paralysed by accursed screaming for 1 turns
 73454 | Abyss:3  | Got an abyssal rune of Zot
 73596 | Abyss:3  | Found a corrupted altar of Lugonu.
 73679 | Abyss:3  | Found a corrupted altar of Lugonu.
 73931 | Abyss:3  | Paralysed by accursed screaming for 1 turns
 74348 | Abyss:4  | Received a gift from Okawaru
 74476 | Depths:3 | Escaped the Abyss
 74478 | Depths:3 | Lost mutation: You are weak. (Str -2) [potion of mutation]
 74478 | Depths:3 | Gained mutation: You are robust. (+10% HP) [potion of
                  | mutation]
 74482 | Depths:3 | Learned a level 2 spell: Shroud of Golubria
 74487 | Depths:3 | Learned a level 4 spell: Sticky Flame
 74700 | Vaults:3 | Bought a scroll of amnesia for 66 gold pieces
 74704 | Vaults:3 | Learned a level 2 spell: Swiftness
 74941 | Zot:1    | Entered Level 1 of the Realm of Zot
 74974 | Depths:5 | Reached skill level 1 in Charms
 74986 | Depths:5 | Reached skill level 1 in Air Magic
 75008 | Depths:5 | Reached skill level 1 in Spellcasting
 75098 | Zot:1    | Got a heavily runed granite ring
 75100 | Zot:1    | Identified the ring of Aguig {+Inv MR+ EV+2 Str+4 Dex-2}
                  | (You acquired it on level 1 of the Realm of Zot)
 75107 | Zot:1    | Got a translucent crystal plate armour
 75118 | Zot:1    | Identified the +16 crystal plate armour "Utri Sap" {Int+4}
                  | (You found it on level 1 of the Realm of Zot)
 75297 | Zot:1    | Noticed an orb of fire
 75318 | Zot:1    | Killed an orb of fire
 75638 | Zot:1    | Received a gift from Okawaru
 76047 | Zot:2    | Received a gift from Okawaru
 76047 | Zot:2    | Reached skill level 5 in Charms
 76055 | Zot:2    | Identified the +0 pair of boots of Existentialism {MR-
                  | rCorr Dex+6} (Okawaru gifted it to you on level 2 of the
                  | Realm of Zot)
 76204 | Zot:2    | Reached skill level 5 in Air Magic
 77007 | Zot:3    | Noticed an orb of fire
 77074 | Zot:2    | Gained mutation: Your magical capacity is low. (-10% MP)
                  | [an orb of fire]
 77284 | Zot:2    | Killed an orb of fire
 77501 | Zot:3    | Reached skill level 5 in Spellcasting
 77621 | Zot:3    | HP: 3/227 [white draconian annihilator/crystal spear (47)]
 77625 | Zot:3    | HP: 1/227 [poison (poison gas)]
 77848 | Zot:3    | Found a runed translucent door.
 77848 | Zot:3    | Noticed Puegucze's ghost (legendary GnCj)
 77858 | Zot:3    | Received a gift from Okawaru
 78057 | Zot:3    | Received a gift from Okawaru
 78705 | Zot:3    | Reached skill level 27 in Dodging
 79750 | Zot:4    | Received a gift from Okawaru
 79768 | Zot:4    | Found a large runed translucent door.
 79768 | Zot:4    | Found a large runed translucent door.
 79769 | Zot:4    | Noticed Fiestras's ghost (master MiFi)
 79944 | Zot:4    | Received a gift from Okawaru
 80472 | Zot:5    | Entered Level 5 of the Realm of Zot
 80475 | Zot:5    | Noticed an orb of fire
 80489 | Zot:5    | Gained mutation: Potions are less effective at restoring
                  | your health. [an orb of fire]
 80499 | Zot:5    | Gained mutation: You are clumsy. (Dex -2) [an orb of fire]
 80509 | Zot:5    | Killed an orb of fire
 80616 | Zot:5    | HP: 11/227 [death cob (10)]
 80617 | Zot:5    | Slain by an Orb Guardian

Levels and vault maps discovered:
D:1:      ncdulo_halloftheorcs, layout_rooms
D:2:      layout_loops_corners, chequers_big_river, hangedman_feature_mirror,
          uniq_crazy_yiuf_cottage, uniq_sigmund, uniq_natasha
D:3:      layout_rooms, kennysheep_vampire_church
D:4:      layout_cave_pools, grunt_temple_overflow_lords_of_destruction,
          kennysheep_mini_moat, minmay_temple_entry_hall,
          gammafunk_ghost_nasty_kobolds, first_ration, kennysheep_big_empty_room
D:5:      layout_gridville, nicolae_overflow_crystal_walls, tgw_sif,
          uniq_menkaure
D:6:      layout_loops_ring, basic_altar, lightli_corner_chamber, uniq_pikel
D:7:      layout_basic, grunt_temple_overflow_gold_and_silver,
          lemuel_crystal_altar, enter_bailey_7, grunt_ogre_cave
D:8:      layout_basic, basic_altar, minmay_orc_keep, uniq_harold, uniq_psyche
D:9:      layout_loops_corners, lair_entry_dummy
D:10:     layout_irregular_city
D:11:     layout_basic, orc_0_dummy, gauntlet_entry_generic,
          nicolae_twisting_strands
D:12:     layout_loops_cross
D:13:     layout_basic
D:14:     layout_irregular_city, lightli_vaults_fourway_checkpoint,
          ploomutoo_gammafunk_ghost_potion_laboratory,
          nicolae_dithmenos_through_a_glass_darkly, uniq_azrael
D:15:     gammafunk_depths_entry_grave, layout_rooms,
          hangedman_abyss_or_decor_stabs, hangedman_decor_opposing
Temple:   nicolae_temple_figure_eight
Lair:1:   lemuel_reptile_caves, layout_big_grid,
          lightli_volcano_entry_magma_tube, hangedman_lair_generics_rect
Lair:2:   layout_misc_corridors, grunt_megastairs_2
Lair:3:   layout_chaotic_city, swamp_mist, dummy_snake_entry
Lair:4:   gammafunk_lair_enchanted_lake, layout_gridlike, uniq_nessos
Lair:5:   layout_roguey, slime_altar_1, hellmonk_ghost_happy_afterlife,
          serial_bayou_shore_a, infiniplex_staircase_pool, lemuel_fruit_tree
Lair:6:   evilmike_catoblepas_cave, layout_cave_pods
Swamp:1:  layout_basic_swamp, nicolae_swamp_triple_paths, swamp_pool4
Swamp:2:  layout_falls_marsh, evilmike_swamp_ruin_house_4, swamp_pool3
Swamp:3:  layout_falls_marsh, evilmike_swamp_ruin_rubble_2, uniq_jorgrun
Swamp:4:  swamp_vile, layout_basic_swamp, uniq_roxanne
Snake:1:  layout_basic, basic_altar, serial_shops, nicolae_shop_stone,
          uniq_asterion, uniq_kirke, uniq_nikola
Snake:2:  layout_rooms, serial_shops, nicolae_shop_crystal, uniq_vashnia
Snake:3:  layout_layer_cave, hangedman_venom_bottle, uniq_saint_roka
Snake:4:  johnstein_snake_rune_scales, layout_layer_cave, minmay_shop_star,
          grunt_megastairs_4
Slime:1:  layout_caves
Slime:2:  layout_caves, uniq_dissolution
Slime:3:  layout_caves
Slime:4:  layout_caves, cheibrodos_slime_lost_civilization_6
Slime:5
Orc:1:    layout_caves, serial_shops, nicolae_shop_statue_plus, shop, shop,
          shop, shop
Orc:2:    pf_orc_diabolical, layout_caves, portal_ice_cave_entry_imps,
          serial_shops, nicolae_shop_trees
Elf:1:    layout_gridlike, basic_altar, minmay_elf_sorcery, st_stairs_2,
          uniq_frances
Elf:2:    layout_geoelf_grid
Elf:3:    minmay_elf_hall_statues, layout_geoelf_castle
Vaults:1: nicolae_vaults_network_periphery, ontoclasm_vaults_ring_square,
          v_alt_pattern_2, nicolae_vaults_ring_of_whatevers,
          vaults_room_grunt_arrival_checkpoint, vaults_mumra_hexcomb,
          nicolae_vaults_bisected_slash, vaults_room_hallway,
          layout_vaults_omnigrid
Vaults:2: v_alt_pattern_2, vaults_room_guarded_vault,
          nicolae_vaults_little_squares_5, nicolae_vaults_specimen_jars,
          v_alt_pattern_5, nicolae_vaults_circle_grid_a,
          nicolae_vaults_back_hallway, hangedman_vaults_snaps, v_misc_1,
          grunt_vaults_bifocal, vaults_dpeg_spiral,
          nicolae_vaults_border_crossing, v_pattern_5,
          grunt_vaults_hallway_short, v_misc_8, ontoclasm_vaults_idyll,
          layout_vaults_maze_snakey, serial_shops, nicolae_shop_stone
Vaults:3: minmay_crypt_entry_simple_walls, v_misc_19, v_misc_9,
          hangedman_vaults_hat, vaults_mumra_minichess, ontoclasm_vaults_tryst,
          v_pattern_4, v_misc_9, nicolae_vaults_sealed_display,
          vaults_dpeg_ring, vaults_room_stairs_pillars,
          vaults_room_mumra_shop_pool, nicolae_vaults_ring_of_whatevers,
          ontoclasm_vaults_decontamination, hangedman_vaults_corner_blocks,
          vaults_dpeg_doors, vaults_room_hallway, layout_vaults_omnicross
Vaults:4: v_misc_16, nicolae_vaults_theta, hangedman_vaults_river_flow,
          v_misc_9, nicolae_vaults_stairing_the_circle, vaults_room_glass_cross,
          nicolae_vaults_what_the_h, grunt_vaults_focal, v_misc_25,
          nicolae_vaults_three_branches, ontoclasm_vaults_idyll, v_misc_26,
          vaults_room_stairs_pillars, ontoclasm_vaults_twist, layout_vaults_ring
Vaults:5
Depths:1: angbandy_vault, layout_cave_pools, grunt_hell_entry_dis_grunt,
          grunt_pan_entry_spiral, hangedman_abyss_or_decor_lesser_grid,
          minmay_hedge_maze, grunt_decor_resistance, hangedman_decor_slide_cut,
          ashenzari_altar_1
Depths:2: hangedman_box_tower, layout_cave_shapes, hell_entry, pan_entry,
          serial_bayou_pond_b, minmay_tree_intersection
Depths:3: minmay_the_grid_triangle_9x9_recursive_3
          [minmay_the_grid_triangle_9x9_corruption,
          minmay_the_grid_triangle_9x9_alien,
          minmay_the_grid_triangle_9x9_warning,
          minmay_the_grid_triangle_9x9_prize_special,
          minmay_the_grid_triangle_9x9_semitri,
          minmay_the_grid_triangle_9x9_cache,
          minmay_the_grid_triangle_9x9_sprig,
          minmay_the_grid_triangle_9x9_corrupted_corridor,
          minmay_the_grid_triangle_9x9_sparse_checkered], layout_gridlike,
          rand_demon_pan_entry_1, abyss_entry, hell_entry, st_stairs_8,
          infiniplex_staircase_split_hallway, serial_bayou_shore_b
Depths:4: dpeg_oklob_gauntlet, layout_honeycomb, enter_ziggurat_a, hellmouth_1,
          abyss_entry, grunt_decor_arrowhead, grunt_pan_entry_in_and_out
Depths:5: grunt_zot_entry_pinwheel, layout_cave_pools, hell_entry, abyss_entry,
          serial_bayou_shore_b, uniq_sojobo
Zot:1:    layout_basic, hangedman_elemental_corridor
Zot:2:    layout_twisted_circle
Zot:3:    hangedman_zot_vaults_quadrants, layout_onion_interference,
          ebering_ghost_inner_flame, lemuel_baited_zot_trap
Zot:4:    evilmike_crystal_ball_defense, layout_twisted_circle,
          ebering_ghost_disaster_area
Zot:5:    layout_twisted_circle, hangedman_zot_diagonal_lockstep,
          lemuel_lake_of_fire

Skill      XL: |  1  2  3  4  5  6  7  8  9 10 11 12 13 14 15 16 17 18 19 20 21 22 23 24 25 26 27 |
---------------+----------------------------------------------------------------------------------+-----
Slings         | 6 7 8 10 11 12 15 20 23 25 26 27 | 27.0
Fighting       | 2 3 5 7 8 10 12 14 15 17 18 20 22 | 22.0
Armour         | 1 3 4 5 6 8 9 10 12 13 15 17 18 19 20 22 | 22.0
Shields        | 1 3 4 6 |  6.0
Invocations    | 1 3 4 5 6 7 8 |  8.0
Long Blades    | 3 4 7 8 10 11 13 14 | 14.0
Stealth        | 2 3 4 5 |  5.0
Dodging        | 3 4 5 6 8 9 10 11 14 15 16 18 27 | 27.0
Evocations     | 7 8 9 10 18 | 18.2
Short Blades   | 9 |  9.6
Translocations | 8 |  8.0
Charms         | 8 |  8.0
Air Magic      | 8 |  8.0
Spellcasting   | 5 |  5.0

Action                   |  1- 3 |  4- 6 |  7- 9 | 10-12 | 13-15 | 16-18 | 19-21 | 22-24 | 25-27 || total
-------------------------+-------+-------+-------+-------+-------+-------+-------+-------+-------++-------
Melee: Short sword       |   129 |    81 |   267 |       |       |       |       |       |       ||   477
       Falchion          |       |       |   157 |   122 |    36 |       |       |       |       ||   315
       Hunting sling     |       |       |     1 |       |       |       |       |       |       ||     1
       Scimitar          |       |       |       |   455 |   464 |       |       |       |  1986 ||  2905
       Demon blade       |       |       |       |       |    25 |   210 |   549 |       |       ||   784
       Rapier            |       |       |       |       |       |       |   529 |  1144 |   569 ||  2242
 Fire: Hunting sling     |    16 |    98 |   392 |   185 |       |       |       |       |   100 ||   791
       Fustibalus        |       |       |       |    88 |  1100 |  1272 |   856 |   565 |  3454 ||  7335
Throw: Dart              |       |     2 |    14 |    15 |     1 |       |       |       |       ||    32
       Stone             |       |       |       |       |       |       |     8 |       |       ||     8
 Cast: Apportation       |       |       |       |       |       |       |       |       |    86 ||    86
Invok: Heroism           |       |       |       |    22 |    25 |    13 |    19 |    15 |    22 ||   116
       Finesse           |       |       |       |     2 |     1 |     3 |     2 |     3 |     3 ||    14
 Abil: Evoke Invisibilit |       |       |       |       |       |       |       |     1 |       ||     1
       Evoke Blink       |       |       |       |       |       |       |       |       |    12 ||    12
Evoke: Wand              |       |       |       |     3 |     6 |     4 |       |       |     2 ||    15
  Use: Scroll            |       |     5 |    10 |     9 |    17 |     7 |     5 |    10 |    48 ||   111
       Potion            |       |       |       |     3 |       |     2 |       |       |    15 ||    20
 Stab: Distracted        |     1 |       |       |     1 |       |       |       |       |       ||     2
       Sleeping          |       |       |       |    10 |     1 |       |       |       |       ||    11
       Paralysed         |       |       |       |       |     4 |       |       |       |       ||     4
       Confused          |       |       |       |       |       |       |     1 |       |       ||     1
       Invisible         |       |       |       |       |       |       |       |     6 |       ||     6
  Eat: Chunk             |       |     3 |     7 |    17 |    23 |    16 |    17 |     6 |    10 ||    99
       Ration            |       |     1 |     2 |     1 |     3 |     3 |     6 |     8 |    21 ||    45
Armor: Leather armour    |    19 |       |       |       |       |       |       |       |       ||    19
       Plate armour      |    23 |    72 |   400 |     6 |   132 |   263 |   373 |    23 |       ||  1292
       Ring mail         |       |       |       |   141 |   152 |       |       |       |       ||   293
       Crystal plate arm |       |       |       |       |       |       |       |   338 |   512 ||   850
       Gold dragon scale |       |       |       |       |       |       |       |       |   810 ||   810
Dodge: Dodged            |    89 |    38 |   177 |   420 |   671 |   354 |   685 |   552 |  2781 ||  5767
Block: Buckler           |     3 |    31 |   126 |   185 |   306 |   300 |   514 |   447 |  1488 ||  3400
       Rpst.: Falchion   |       |       |    20 |    24 |     6 |       |       |       |       ||    50
       Scimitar          |       |       |       |    89 |   122 |       |       |       |   216 ||   427
       Demon blade       |       |       |       |       |     3 |    16 |    46 |       |       ||    65

Table legend:
 A = Non-vault XP
 B = Vault XP
 C = Vault XP percentage of total XP
 D = Non-vault monster count
 E = Vault monster count
 F = Vault count percentage of total count
                 A         B        C        D         E       F
            +---------+---------+-------+---------+---------+-------
      Total | 1146108 |  790201 |  40.8 |    2092 |    1023 |  32.8
            +---------+---------+-------+---------+---------+-------
        D:1 |      55 |       0 |   0.0 |      33 |       0 |   0.0
        D:2 |     165 |     285 |  63.3 |      24 |       5 |  17.2
        D:3 |      45 |      70 |  60.9 |      14 |       6 |  30.0
        D:4 |     218 |     365 |  62.6 |      15 |      12 |  44.4
        D:5 |     401 |     205 |  33.8 |       9 |       2 |  18.2
        D:6 |     744 |     629 |  45.8 |      24 |       1 |   4.0
        D:7 |    1098 |     128 |  10.4 |      25 |       5 |  16.7
        D:8 |     811 |    1738 |  68.2 |      23 |      11 |  32.4
        D:9 |    3777 |       0 |   0.0 |      21 |       0 |   0.0
       D:10 |    4948 |       0 |   0.0 |      35 |       0 |   0.0
       D:11 |    6398 |       0 |   0.0 |      46 |       0 |   0.0
       D:12 |    8941 |       0 |   0.0 |      44 |       0 |   0.0
       D:13 |    9864 |    1836 |  15.7 |      47 |       2 |   4.1
       D:14 |   12845 |   18788 |  59.4 |      30 |      34 |  53.1
       D:15 |   14762 |    4629 |  23.9 |      39 |       8 |  17.0
     Lair:1 |    2538 |    3952 |  60.9 |      15 |      41 |  73.2
     Lair:2 |    7094 |       0 |   0.0 |      29 |       0 |   0.0
     Lair:3 |    6222 |       0 |   0.0 |      19 |       0 |   0.0
     Lair:4 |    5185 |    6754 |  56.6 |      23 |      12 |  34.3
     Lair:5 |    8753 |    1595 |  15.4 |      23 |       1 |   4.2
     Lair:6 |    8542 |   12720 |  59.8 |      29 |      23 |  44.2
    Swamp:1 |   14349 |       0 |   0.0 |      42 |       0 |   0.0
    Swamp:2 |   14275 |       0 |   0.0 |      39 |       0 |   0.0
    Swamp:3 |   13206 |    2822 |  17.6 |      40 |       1 |   2.4
    Swamp:4 |   17481 |   22252 |  56.0 |      52 |      31 |  37.3
    Snake:1 |   12988 |   13980 |  51.8 |      26 |       6 |  18.8
    Snake:2 |   12477 |    2502 |  16.7 |      27 |       3 |  10.0
    Snake:3 |   30019 |   13068 |  30.3 |      54 |      38 |  41.3
    Snake:4 |   15998 |   43201 |  73.0 |      28 |      70 |  71.4
    Slime:1 |   26087 |       0 |   0.0 |      36 |       0 |   0.0
    Slime:2 |   17055 |   13640 |  44.4 |      37 |       1 |   2.6
    Slime:3 |   21256 |       0 |   0.0 |      12 |       0 |   0.0
    Slime:4 |    8101 |       0 |   0.0 |      12 |       0 |   0.0
    Slime:5 |   31232 |   29081 |  48.2 |      33 |      10 |  23.3
      Orc:1 |    2185 |      30 |   1.4 |      24 |       3 |  11.1
      Orc:2 |    5124 |   16518 |  76.3 |      40 |      65 |  61.9
      Elf:1 |    6045 |   11074 |  64.7 |      12 |      13 |  52.0
      Elf:2 |    7648 |   21713 |  74.0 |      11 |      28 |  71.8
      Elf:3 |   23300 |   45459 |  66.1 |      33 |      29 |  46.8
   Vaults:1 |   34576 |   11005 |  24.1 |      54 |      17 |  23.9
   Vaults:2 |   26371 |   29752 |  53.0 |      59 |      46 |  43.8
   Vaults:3 |   39614 |   29020 |  42.3 |      54 |      46 |  46.0
   Vaults:4 |   42412 |   32895 |  43.7 |      67 |      43 |  39.1
   Vaults:5 |   32357 |  104938 |  76.4 |      48 |      76 |  61.3
   Depths:1 |   21573 |   35212 |  62.0 |      33 |      35 |  51.5
   Depths:2 |   70766 |   82709 |  53.9 |      66 |      70 |  51.5
   Depths:3 |   52002 |   38186 |  42.3 |      64 |      33 |  34.0
   Depths:4 |   13696 |   17150 |  55.6 |      23 |      24 |  51.1
   Depths:5 |   54182 |   27093 |  33.3 |      50 |      17 |  25.4
      Zot:1 |   43790 |    7433 |  14.5 |      24 |       6 |  20.0
      Zot:2 |   67877 |       0 |   0.0 |      41 |       0 |   0.0
      Zot:3 |   53128 |   41239 |  43.7 |      32 |      30 |  48.4
      Zot:4 |   50607 |    3168 |   5.9 |      30 |      10 |  25.0
      Zot:5 |    5935 |    8616 |  59.2 |       2 |       1 |  33.3
    Abyss:1 |    9726 |       0 |   0.0 |      22 |       0 |   0.0
    Abyss:2 |    6600 |       0 |   0.0 |      13 |       0 |   0.0
    Abyss:3 |  116100 |    9164 |   7.3 |     240 |      10 |   4.0
    Abyss:4 |   22564 |       0 |   0.0 |      45 |       0 |   0.0
     Bailey |       0 |    1604 | 100.0 |       0 |      27 | 100.0
      IceCv |       0 |   13896 | 100.0 |       0 |      53 | 100.0
    Volcano |       0 |    4744 | 100.0 |       0 |       8 | 100.0
   Gauntlet |       0 |    3343 | 100.0 |       0 |      10 | 100.0
            +---------+---------+-------+---------+---------+-------
